 Dungeon Crawl Stone Soup version 0.24-a0-274-gb3763e6 (webtiles) character file.

Game seed: 8626522578785493149

5626 Collin1234 the Cleaver (level 10, 52/90 HPs)
             Began as a Hill Orc Berserker on Apr 26, 2019.
             Was a High Priest of Trog.
             Starved to death
             ... while paralysed
             ... on level 9 of the Dungeon.
             The game lasted 00:23:57 (11258 turns).

Collin1234 the Cleaver (Hill Orc Berserker)        Turns: 11258, Time: 00:23:57

Health: 52/90      AC: 18    Str: 34    XL:     10   Next: 74%
Magic:  10/10      EV:  2    Int:  7    God:    Trog [*****.]
Gold:   519        SH:  0    Dex: 12    Spells: 9/9 levels left

rFire    + + .     SeeInvis .   a - +0 hand axe
rCold    x . .     Gourm    .   k - +0 shield
rNeg     . . .     Faith    .   x - +1 fire dragon scales
rPois    .         Spirit   .   l - +1 helmet
rElec    .         Reflect  .   (no cloak)
rCorr    .         Harm     .   (no gloves)
MR       .....                  (no boots)
Stlth    ..........             (no amulet)
HPRegen  0.25/turn              h - +5 ring of strength
MPRegen  0.12/turn              r - ring of Temptation {AC+4 Str+7}

@: paralysed, fainting
A: no striking features
a: Berserk, Trog's Hand, Brothers in Arms, Renounce Religion


You were on level 9 of the Dungeon.
You worshipped Trog.
Trog was extremely pleased with you.
You were fainting.

You visited 1 branch of the dungeon, and saw 9 of its levels.

You collected 519 gold pieces.

Inventory:

Hand Weapons
 a - a +0 hand axe (weapon)
Missiles
 w - 2 poisoned javelins (quivered)
Armour
 k - a +0 shield (worn)
 l - a +1 helmet (worn)
 x - +1 fire dragon scales (worn)
Jewellery
 e - an uncursed ring of protection from magic
 h - a +5 ring of strength (left hand)
 r - the ring of Temptation (right hand) {AC+4 Str+7}
   (You found it on level 5 of the Dungeon)

   [ring of protection]

   It affects your AC (+4).
   It affects your strength (+7).
 y - an uncursed ring of ice
 A - an uncursed ring of flight
Wands
 p - a wand of polymorph (16)
 q - a wand of enslavement (5)
 C - a wand of iceblast (1)
Scrolls
 m - 2 scrolls of remove curse
 u - a scroll of magic mapping
 v - 3 scrolls of teleportation
Potions
 d - a potion of agility {unknown}
 f - 3 potions of curing {unknown}
 g - 3 potions of haste
 i - 2 potions of mutation {unknown}
 j - 4 potions of might
 n - a potion of degeneration {unknown}
 o - a potion of brilliance {unknown}
 s - a potion of lignification {unknown}
 t - a potion of flight {unknown}


   Skills:
 * Level 8.4 Fighting
 + Level 11.5 Axes
 + Level 1.3 Throwing
 + Level 8.2 Armour
 * Level 4.5 Dodging
 + Level 1.0 Stealth
 * Level 7.7 Shields


You had 9 spell levels left.
You didn't know any spells.
Your spell library was empty.

Dungeon Overview and Level Annotations

Branches:
Dungeon (9/15)             Temple (0/1) D:7             Orc (0/2) D:9
   Lair: D:8-11

Altars:
Ashenzari
Dithmenos
Elyvilon
Fedhas
Gozag
Kikubaaqudgha
Makhleb
Sif Muna
Xom
Yredelemnul
Zin

Annotations:
D:3 1 runed translucent door, kylix's ghost, weakling VSMo


Message History

You miss the hungry ghost. The hungry ghost hits you.
You feel slightly more hungry.
You hit the ogre zombie but do no damage.
You barely miss the hungry ghost. The ogre zombie barely misses you.
You block the hungry ghost's attack.
You slash the ogre zombie!
The ogre zombie is heavily damaged.
You slash the hungry ghost!
Your shield and fire dragon scales prevent you from hitting the ogre zombie.
The ogre zombie is heavily damaged.
You miss the hungry ghost. The hungry ghost hits you.
You feel slightly more hungry. The ogre zombie barely misses you.
You hit the ogre zombie but do no damage.
The ogre zombie is heavily damaged.
You miss the hungry ghost. The hungry ghost hits you.
You hit the ogre zombie.
The ogre zombie is heavily damaged.
You hit the hungry ghost.
You lose consciousness!
You have starved to death.
You die...

...# #...# ...# ##...#
.### .. ##....# ..####
....####...######
.....+
....'.....>.......
..####
....###.#######.## .##
. #...# ## #.#.#
##@### #+# #WZ######
#.# ##ZZZ....# #.#
#..#.####..#
#########.###.#..#
.....
##..........##(###(..
###.##
...#####....##....##.#
.. #.5#
##...##...#..#.. #.
#..#### #..###..ZW. Z.


You could see a hungry ghost, 3 orc zombies and an ogre zombie.

Vanquished Creatures
  A two-headed ogre (D:8)
  A hippogriff (D:7)
  2 hungry ghosts
  Menkaure (D:6)
  A water moccasin (D:7)
  2 orc warriors
  2 sky beasts
  4 ice beasts
  3 phantoms
  4 ogres
  A crocodile (D:9)
  4 centaurs
  Blork the orc (D:6)
  6 bullfrogs
  Dowan (D:7)
  A scorpion (D:9)
  13 killer bees
  A vampire bat (D:4)
  5 howler monkeys
  4 crimson imps
  7 hounds
  A jelly (D:7)
  A bullfrog skeleton (D:7)
  4 orc priests
  7 orc wizards
  3 iguanas
  6 worker ants
  3 ogre zombies (D:9)
  A worker ant zombie (D:5)
  10 adders
  An ooze (D:2)
  An adder skeleton (D:4)
  An adder zombie (D:5)
  5 worms
  A dart slug (D:1)
  7 leopard geckos
  25 orcs
  8 bats
  4 bat zombies (D:4)
  3 giant cockroaches
  A goblin (D:2)
  9 hobgoblins
  12 jackals
  6 quokkas
  A ball python (D:7)
  A ball python zombie (D:5)
  8 frilled lizards
  A goblin skeleton (D:9)
  4 kobolds
  2 orc skeletons (D:9)
  6 orc zombies (D:9)
  2 rats
210 creatures vanquished.

Vanquished Creatures (others)
  Duvessa (D:7)
  2 plants (D:7)
3 creatures vanquished.

Grand Total: 213 creatures vanquished

Notes
Turn   | Place    | Note
-------+----------+-------------------------------------------
     0 | D:1      | Collin1234 the Hill Orc Berserker began the quest for the
                  | Orb.
     0 | D:1      | Reached XP level 1. HP: 19/19 MP: 1/1
    81 | D:1      | Reached XP level 2. HP: 21/27 MP: 2/2
   821 | D:1      | Reached XP level 3. HP: 32/33 MP: 3/3
   948 | D:2      | Reached skill level 5 in Axes
  1279 | D:2      | Reached ** piety under Trog
  1279 | D:2      | Reached XP level 4. HP: 23/40 MP: 4/4
  1680 | D:2      | Found a blossoming altar of Fedhas.
  1763 | D:2      | Noticed an ogre
  1772 | D:2      | Killed an ogre
  1772 | D:2      | Reached XP level 5. HP: 29/47 MP: 5/5
  2126 | D:2      | Reached skill level 6 in Axes
  2308 | D:2      | Found a shadowy altar of Dithmenos.
  2332 | D:3      | Found a white marble altar of Elyvilon.
  2448 | D:3      | Reached XP level 6. HP: 20/55 MP: 6/6
  2765 | D:3      | Found a runed translucent door.
  2768 | D:3      | Noticed kylix's ghost (weakling VSMo)
  2895 | D:3      | Reached skill level 5 in Fighting
  2944 | D:3      | Reached *** piety under Trog
  3366 | D:3      | Found an opulent altar of Gozag.
  3367 | D:3      | Found a glowing silver altar of Zin.
  4005 | D:4      | Reached skill level 7 in Axes
  4005 | D:4      | Reached XP level 7. HP: 61/61 MP: 7/7
  4014 | D:4      | Received a gift from Trog
  4084 | D:4      | Found a shattered altar of Ashenzari.
  4329 | D:4      | Reached skill level 1 in Shields
  4782 | D:4      | Found an ancient bone altar of Kikubaaqudgha.
  5021 | D:5      | Entered Level 5 of the Dungeon
  5054 | D:5      | Reached skill level 5 in Armour
  5230 | D:5      | Reached XP level 8. HP: 51/69 MP: 8/8
  5913 | D:5      | Reached skill level 8 in Axes
  5919 | D:5      | Reached **** piety under Trog
  6260 | D:5      | Got a scorched lead ring
  6278 | D:5      | Identified the ring of Temptation {AC+4 Str+7} (You found
                  | it on level 5 of the Dungeon)
  6890 | D:6      | Found a burning altar of Makhleb.
  6890 | D:6      | Found a deep blue altar of Sif Muna.
  6890 | D:6      | Found a basalt altar of Yredelemnul.
  6931 | D:6      | Reached XP level 9. HP: 75/75 MP: 9/9
  6970 | D:6      | Noticed Blork the orc
  6982 | D:6      | Killed Blork the orc
  6982 | D:6      | Reached skill level 9 in Axes
  7342 | D:7      | Noticed Menkaure
  7764 | D:7      | Reached skill level 1 in Throwing
  7772 | D:6      | Killed Menkaure
  7772 | D:6      | Reached skill level 5 in Shields
  8537 | D:7      | Reached skill level 10 in Axes
  8554 | D:7      | Noticed Duvessa
  8566 | D:7      | Noticed Dowan
  8573 | D:7      | Killed Duvessa
  8582 | D:7      | Found a staircase to the Ecumenical Temple.
  8586 | D:7      | Killed Dowan
  8952 | D:7      | Found a shimmering altar of Xom.
  9124 | D:7      | Reached XP level 10. HP: 86/86 MP: 10/10
  9691 | D:8      | Reached skill level 1 in Stealth
  9726 | D:8      | Paralysed by fainting for 11 turns
  9740 | D:8      | Paralysed by fainting for 11 turns
  9770 | D:8      | Paralysed by fainting for 8 turns
  9983 | D:8      | Reached skill level 11 in Axes
 10469 | D:8      | Noticed a two-headed ogre
 10483 | D:8      | Killed a two-headed ogre
 11196 | D:9      | Found a staircase to the Orcish Mines.
 11241 | D:9      | Reached ***** piety under Trog
 11258 | D:9      | Paralysed by fainting for 10 turns
 11258 | D:9      | Starved to death

Levels and vault maps discovered:
D:1:      wander_arrival_peaceful_grave, layout_loops_ring, minmay_lizard_pond
D:2:      layout_loops_ring, nicolae_dithmenos_through_a_glass_darkly,
          lemuel_coloured_pillars_altar
D:3:      layout_rooms, grunt_temple_overflow_gold_and_silver,
          old_standard_altar, hellmonk_ghost_happy_afterlife, first_ration,
          uniq_crazy_yiuf_cottage
D:4:      layout_loops_cross, kennysheep_vampire_church, serial_park_tiny_1,
          cheibrodos_ashenzari_chains
D:5:      minmay_octagon_keep, layout_loops_corners
D:6:      layout_basic, gammafunk_temple_overflow_claw, uniq_blork_the_orc
D:7:      layout_loops_ring, kennysheep_mini_moat,
          minmay_temple_entry_gardened_gates, serial_rivers,
          chequers_serial_rivers_micro_b, chequers_serial_rivers_room_b,
          chequers_serial_rivers_micro_e, chequers_serial_rivers_micro_d,
          chequers_serial_rivers_small_3, uniq_duvessa, uniq_menkaure
D:8:      layout_gridville
D:9:      layout_loops_corners, zombieorc1_lemuel, basic_altar

Skill      XL: |  1  2  3  4  5  6  7  8  9 10 |
---------------+-------------------------------+-----
Fighting       | 4 5 6 7 8 |  8.4
Axes           | 5 6 7 8 10 11 | 11.5
Dodging        | 2 3 4 |  4.5
Armour         | 3 4 5 6 7 8 |  8.2
Shields        | 2 4 6 7 |  7.7
Throwing       | 1 |  1.3
Stealth        | 1 |  1.0

Action                   |  1- 3 |  4- 6 |  7- 9 | 10-12 || total
-------------------------+-------+-------+-------+-------++-------
Melee: Hand axe          |    98 |   175 |   487 |   281 ||  1041
Throw: Javelin           |       |       |    10 |    12 ||    22
Invok: Berserk           |       |     1 |     4 |       ||     5
  Use: Scroll            |       |     3 |     3 |     6 ||    12
 Stab: Distracted        |       |       |     1 |       ||     1
  Eat: Chunk             |     1 |     3 |     3 |     1 ||     8
       Ration            |       |     2 |     5 |     3 ||    10
Armor: Animal skin       |     7 |       |       |       ||     7
       Scale mail        |    50 |    66 |   222 |       ||   338
       Fire dragon scale |       |       |    55 |   101 ||   156
Dodge: Dodged            |   105 |   102 |   187 |   106 ||   500
Block: Shield            |       |     6 |   280 |   152 ||   438

Table legend:
 A = Non-vault XP
 B = Vault XP
 C = Vault XP percentage of total XP
 D = Non-vault monster count
 E = Vault monster count
 F = Vault count percentage of total count
                 A         B        C        D         E       F
            +---------+---------+-------+---------+---------+-------
      Total |    6731 |    1307 |  16.3 |     174 |      37 |  17.5
            +---------+---------+-------+---------+---------+-------
        D:1 |      33 |       3 |   8.3 |      19 |       3 |  13.6
        D:2 |     211 |       0 |   0.0 |      23 |       0 |   0.0
        D:3 |     246 |       0 |   0.0 |      31 |       0 |   0.0
        D:4 |     460 |      63 |  12.0 |      28 |       5 |  15.2
        D:5 |     472 |     406 |  46.2 |       9 |      10 |  52.6
        D:6 |     576 |     261 |  31.2 |      11 |       2 |  15.4
        D:7 |    1872 |     135 |   6.7 |      24 |       2 |   7.7
        D:8 |    2508 |       0 |   0.0 |      24 |       0 |   0.0
        D:9 |     353 |     439 |  55.4 |       5 |      15 |  75.0
            +---------+---------+-------+---------+---------+-------
